 Dungeon Crawl Stone Soup version 0.31-a0-818-ge7c7cf74f0 (webtiles) character file.

Game seed: 1981492625148241569

2 Kurtz the Trooper (level 1, -3/16 HPs)
             Began as an Octopode Fighter on Sept 23, 2023.
             Slain by a gnoll
             ... wielding a +0 spear
              (8 damage)
             ... on level 2 of the Dungeon.
             The game lasted 00:00:07 (44 turns).

Kurtz the Trooper (Octopode Fighter)                  Turns: 44, Time: 00:00:08

Health: -3/16      AC:  1    Str: 15    XL:     1   Next: 40%
Magic:  1/1        EV: 13    Int: 10    God:
Gold:   0          SH:  4    Dex: 11    Spells: 0/0 levels left

rFire   . . .        a - +0 war axe
rCold   . . .        b - +0 buckler
rNeg    . . .        (helmet restricted)
rPois   .            (no amulet)
rElec   .            (no ring)
rCorr   .            (no ring)
SInv    .            (no ring)
Will    .....        (no ring)
Stlth   ++           (no ring)
HPRegen 0.22/turn    (no ring)
MPRegen 0.07/turn    (no ring)
                     (no ring)

%: no passive effects
@: no status effects
A: almost no armour, amphibious, 8 rings, camouflage 1, gelatinous body 1,
(nimble swimmer 1), tentacles
a: no special abilities


You were on level 2 of the Dungeon.
You visited 1 branch of the dungeon, and saw 2 of its levels.

Inventory:

Hand Weapons
 a - a +0 war axe (weapon)
Armour
 b - a +0 buckler (worn)
Potions
 c - a potion of might


   Skills:
 + Level 3.1 Fighting
 * Level 2.1 Axes
 - Level 3.0 Dodging
 - Level 3.0 Shields


You couldn't memorise any spells.
You didn't know any spells.
Your spell library was empty.

Dungeon Overview and Level Annotations

Branches:
Dungeon (2/15)

Altars:


Innate Abilities, Weirdness & Mutations

You cannot wear most types of armour.
You are amphibious.
You can wear up to eight rings at the same time.
Your skin changes colour to match your surroundings (Stealth+).
Your rubbery body absorbs attacks. (AC +1, EV +1)
((You are camouflaged when in or above water. (Stealth+)))
You have tentacles for arms and can constrict up to eight enemies at once.


Message History

A ball python is nearby!
The ball python bites you. The ball python barely misses you.
Unknown command.
A ball python is nearby!
You closely miss the ball python. Your grab misses the ball python.
You squeeze the ball python.
You kill the ball python!
HP restored.
You see here a ball python corpse.
A gnoll comes into view. It is wielding a +0 club.
A goblin and 3 gnolls come into view.
A gnoll is wielding a +2 whip of flaming.
The gnoll shouts!
The goblin shouts!
The gnoll shouts!
There are monsters nearby!
Unknown command.
You barely miss the goblin. Your grab misses the goblin.
You block the goblin's attack.
There are monsters nearby!
You slash the goblin!
You kill the goblin!
The gnoll barely misses you.
The gnoll hits you from afar with a +0 spear.
There are monsters nearby!
You slash the gnoll! You grab the gnoll.
The gnoll is severely wounded.
You constrict the gnoll.
The gnoll hits you from afar with a +0 spear.
The gnoll misses you.
Unknown command.
There are monsters nearby!
You are too injured to fight recklessly!
Unknown command.
You release your grip on the gnoll.
The gnoll attacks as it pursues you! The gnoll barely misses you.
The gnoll attacks as it pursues you! The gnoll hits you with a +0 club.
* * * LOW HITPOINT WARNING * * *
The gnoll attacks as it pursues you!
The gnoll hits you from afar with a +0 spear!
Ouch! That really hurt!
You die...

###+### ### #.....# #..
#.....# #.# #.....# #.#
###..g..####.#
#..g.......#.#
#...######.#.#
##....g.g.(.#.####
#........gg@.....#####.#
#..##########.#........#
#.. ...#..#####.# #..
#####..# .. #..# ##.
#..# #..# #..# #..#


You could see 4 gnolls.

Vanquished Creatures
  A ball python (D:2)
  A goblin (D:2)
2 creatures vanquished.

Notes
Turn   | Place    | Note
-------+----------+-------------------------------------------
     0 | D:1      | Kurtz the Octopode Fighter began the quest for the Orb.
     0 | D:1      | Reached XP level 1. HP: 16/16 MP: 1/1
    44 | D:2      | Slain by a gnoll

Illustrated notes

Levels and vault maps discovered:
D:1:      nzn_arrival_water_spiral, layout_basic, serial_shops, shop,
          chequers_serial_rivers_large_a
D:2:      layout_basic, serial_shops, nicolae_shop_gibbet_a_chance, uniq_sigmund

Action                     || total
---------------------------++-------
  Melee: War axe           ||     4
         Constrict         ||     1
         Tentacles         ||     1
 Armour: Skin              ||     5
  Dodge: Dodged            ||     4
  Block: Buckler           ||     1

Table legend: (Time is in decaauts)
 A = Elapsed time spent in this place.
 B = Non-inter-level travel time spent in this place.
 C = Inter-level travel time spent in this place.
 D = Time resting spent in this place.
 E = Time spent auto-exploring this place.
 F = Levels seen in this place.
 G = Mean time per level.
                   A        B        C        D        E       F      G
               +--------+--------+--------+--------+--------+-----+--------+
         Total |     45 |     43 |      2 |      0 |     22 |   2 |   22.5 |
       Dungeon |     45 |     43 |      2 |      0 |     22 |   2 |   22.5 |
               +--------+--------+--------+--------+--------+-----+--------+

Top non-repeatable levels by time:
     D:2: 42 daAuts
     D:1: 3 daAuts
